Map: Prion Terraces

Players

MorN - Winner!

  • Race: Terran Terran
  • League: Master

Archile

  • Race: Protoss Protoss
  • League: Master

VOD

Have the link to the VOD?

Description

Time

  • Played on: Dec. 26, 2015, 1:52 a.m.
  • Length: 15:09
Show
View Real Time Build Order
Export as new Build Order

MorN Terran - Winner!

Build Orders: Reaper Expand, MMM Bio 

Get SALT Encoding   

  12  0:00  SCV  
  13  0:12  SCV  
  14  0:17  Supply Depot  
  14  0:24  SCV  
  15  0:38  SCV  
  15  0:40  Barracks  
  16  0:43  Refinery  
  16  0:50  SCV  
  17  1:02  SCV  
  18  1:15  SCV  
  19  1:27  Orbital Command  
  19  1:28  Reaper  
  20  1:39  Command Center  
  20  1:49  Supply Depot  
  20  1:53  SCV  
  21  2:05  Barracks Reactor  
  21  2:06  SCV  
  22  2:18  SCV  
  23  2:23  Factory  
  23  2:26  Refinery  
  23  2:33  SCV  
  24  2:40  Bunker  
  24  2:44  Marine x2  
  24  2:45  SCV  
  27  2:55  Orbital Command  
  27  2:57  SCV  
  28  3:02  Marine x2  
  30  3:09  SCV  
  30  3:10  Factory Tech Lab, Starport  
  31  3:20  SCV  
  31  3:21  SCV  
  31  3:23  Marine  
  34  3:39  Command Center, Cyclone  
  33  3:55  SCV  
  26  4:00  SCV  
  22  4:07  SCV  
  22  4:08  Liberator  
  23  4:13  SCV  
  24  4:19  SCV  
  24  4:25  SCV  
  28  4:31  SCV  
  28  4:33  Factory Reactor  
  28  4:36  Barracks  
  28  4:37  SCV  
  30  4:43  SCV  
  31  4:49  SCV  
  31  4:50  Orbital Command  
  31  4:59  Marine  
  25  5:04  SCV  
  23  5:17  Marine  
  23  5:18  SCV x2  
  26  5:23  SCV  
  27  5:29  Barracks  
  27  5:31  Factory Reactor  
  27  5:32  Marine  
  27  5:33  Marine  
  29  5:37  Stimpack  
  29  5:43  SCV  
  29  5:46  SCV  
  29  5:47  SCV  
  32  5:55  SCV  
  32  6:07  SCV x2  
  32  6:11  Engineering Bay  
  33  6:13  SCV, Engineering Bay  
  34  6:23  Marine x3  
  37  6:26  SCV  
  37  6:29  SCV  
  37  6:31  SCV  
  40  6:36  Starport Reactor  
  40  6:38  SCV  
  41  6:41  Terran Infantry Weapons Level 1  
  41  6:43  Terran Infantry Armor Level 1  
  41  6:47  SCV  
  41  6:48  SCV  
  41  6:49  Marine  
  41  6:50  Marine  
  41  6:53  SCV  
  46  6:58  Supply Depot  
  46  7:00  SCV  
  47  7:03  SCV  
  45  7:08  Widow Mine x2  
  45  7:10  SCV  
  45  7:12  SCV  
  45  7:13  Medivac  
  45  7:14  Medivac  
  55  7:20  SCV  
  56  7:24  SCV x2  
  56  7:25  Supply Depot  
  56  7:26  Marine x3  
  61  7:33  SCV, Missile Turret  
  61  7:36  Missile Turret  
  63  7:37  SCV  
  63  7:38  Combat Shields  
  63  7:41  SCV  
  64  7:45  SCV  
  64  7:46  Widow Mine x2  
  64  7:47  Marine  
  64  7:48  Marine x3  
  73  7:52  Marauder  
  73  7:53  SCV x2  
  77  7:59  Refinery  
  75  8:09  SCV x2  
  77  8:15  Armory  
  77  8:17  Supply Depot  
  77  8:19  SCV, Marine x2  
  80  8:21  SCV  
  80  8:22  Refinery  
  80  8:26  Marine x3  
  84  8:31  SCV  
  84  8:33  Barracks  
  85  8:34  Barracks  
  85  8:38  Marine x2  
  87  8:48  Marauder, Marine x2  
  84  8:55  Orbital Command  
  78  8:56  Marine x2  
  73  9:05  Marine x2  
  73  9:08  Terran Infantry Weapons Level 2, Terran Infantry Armor Level 2  
  77  9:10  Marauder  
  77  9:14  Marine x2  
  77  9:21  Supply Depot, SCV  
  77  9:22  SCV, Supply Depot  
  77  9:23  Marine x2  
  80  9:26  SCV  
  79  9:32  Barracks Reactor, Barracks Tech Lab  
  79  9:33  SCV, Widow Mine x2  
  79  9:34  SCV, Medivac x2  
  87  9:39  SCV  
  87  9:44  Marine x3  
  87  9:45  Marauder, Missile Turret, Marine  
  94  9:46  SCV x2  
  94  9:47  Concussive Shells  
  94  9:49  Terran Vehicle And Ship Armor Level 1  
  94  9:51  SCV  
  97  9:58  SCV x2  
  96  10:03  SCV  
  95  10:10  SCV x2  
  95  10:11  Marine x3  
  95  10:12  Marauder, Medivac  
  104  10:15  SCV  
  105  10:22  Marine x2  
  105  10:23  Marine  
  105  10:25  Supply Depot  
  108  10:29  Supply Depot x2  
  108  10:31  Starport, Medivac  
  108  10:32  Marauder  
  108  10:33  Marauder  
  114  10:44  Barracks  
  114  10:45  Barracks, Marine  
  114  10:46  Marine  
  114  10:47  Barracks  
  109  11:01  Marine x2, Widow Mine x2  
  109  11:02  Marauder x2, Marine x2  
  109  11:03  Marine  
  112  11:20  Starport Tech Lab  
  112  11:22  SCV, Fusion Core  
  113  11:27  Medivac x2  
  113  11:29  Widow Mine x2  
  118  11:43  Marine x2  
  118  11:44  Marauder  
  116  11:54  Marine  
  109  11:55  Marine x2  
  109  11:56  Marauder  
  109  11:57  Medivac x2  
  109  12:01  Barracks Reactor, Barracks Tech Lab x2  
  118  12:05  Marine x3  
  118  12:06  Marauder  
  123  12:09  Supply Depot  
  119  12:19  Marine x2  
  119  12:20  Marauder  
  123  12:28  Marine x3  
  123  12:29  Marauder x3  
  132  12:30  Supply Depot  
  132  12:31  SCV  
  132  12:33  Supply Depot  
  132  12:36  Marine  
  134  12:37  Marine  
  134  12:40  Command Center  
  134  12:41  Marauder  
  134  12:42  Command Center, Refinery x2, Marine x2  
  139  12:50  Marauder x2  
  122  13:05  Marine  
  122  13:06  Marauder  
  122  13:12  Marauder, Marine x2  
  108  13:16  Marine x3  
  108  13:17  Marauder x2  
  108  13:19  Marine x2  
  113  13:23  Ghost Academy  
  113  13:27  Marauder  
  113  13:32  Liberator  
  113  13:34  Marauder  
  114  13:40  Advanced Ballistics  
  114  13:41  Marine x5  
  114  13:42  Marauder  
  114  13:45  Widow Mine  
  114  13:46  Widow Mine  
  128  13:58  Planetary Fortress  
  128  13:59  Liberator  
  128  14:00  Missile Turret  
  128  14:04  Marine x4  
  128  14:05  Marauder x2, Marine  
  128  14:08  Refinery  
  135  14:10  Refinery  
  137  14:27  Planetary Fortress  
  137  14:37  Marine x2  
  137  14:38  Marauder  
  144  14:39  Refinery  
  144  14:40  Marine  
  144  14:41  Marine x2  
  144  14:43  Refinery  
  151  14:45  Marine  
Show
View Real Time Build Order
Export as new Build Order

Archile Protoss 

Build Orders: Oracle Opening 

Get SALT Encoding   

  12  0:01  Probe (Chrono Boost)  
  13  0:12  Probe (Chrono Boost)  
  14  0:18  Pylon  
  14  0:22  Probe (Chrono Boost)  
  15  0:36  Gateway, Probe (Chrono Boost)  
  16  0:46  Probe (Chrono Boost)  
  16  0:48  Assimilator  
  18  0:57  Probe (Chrono Boost)  
  19  1:11  Probe (Chrono Boost)  
  19  1:14  Assimilator  
  19  1:22  Probe (Chrono Boost)  
  19  1:23  Cybernetics Core  
  20  1:32  Probe (Chrono Boost)  
  21  1:34  Pylon  
  21  1:37  Pylon  
  21  1:43  Probe (Chrono Boost)  
  22  1:53  Probe (Chrono Boost)  
  23  2:00  Stargate  
  23  2:03  Probe (Chrono Boost)  
  23  2:05  Adept (Chrono Boost)  
  26  2:15  Probe  
  27  2:19  Warp Gate  
  27  2:31  Adept (Chrono Boost)  
  26  2:56  Probe  
  27  3:02  Oracle (Chrono Boost)  
  30  3:06  Nexus  
  30  3:08  Probe  
  31  3:15  Adept (Chrono Boost)  
  32  3:21  Mothership Core  
  31  3:42  Probe  
  31  3:54  Probe  
  30  4:01  Oracle  
  31  4:06  Probe  
  31  4:08  Adept (Chrono Boost)  
  34  4:18  Probe  
  34  4:20  Probe  
  36  4:30  Probe  
  37  4:35  Probe  
  38  4:42  Probe  
  38  4:44  Forge  
  39  4:46  Probe  
  40  4:55  Probe  
  38  5:15  Probe  
  38  5:16  Probe  
  38  5:18  Protoss Ground Weapons Level 1  
  40  5:24  Gateway  
  40  5:25  Probe, Gateway  
  40  5:26  Pylon  
  38  5:28  Probe  
  38  5:36  Void Ray (Chrono Boost)  
  38  5:37  Probe  
  43  5:48  Stalker  
  45  6:08  Probe x2  
  45  6:10  Stalker  
  48  6:30  Stalker  
  48  6:31  Adept  
  48  6:32  Adept  
  54  6:36  Probe x2  
  56  6:42  Robotics Facility  
  56  6:45  Assimilator  
  56  6:48  Probe x2  
  58  7:00  Probe x2  
  60  7:18  Assimilator  
  60  7:19  Stalker  
  60  7:21  Pylon  
  62  7:23  Pylon  
  62  7:32  Nexus  
  62  7:42  Stalker x2  
  62  7:43  Stalker  
  68  7:55  Probe x2  
  64  8:10  Adept  
  64  8:11  Adept x2  
  68  8:21  Observer (Chrono Boost)  
  65  8:32  Stalker x2  
  65  8:33  Stalker  
  57  9:04  Adept x3  
  63  9:16  Immortal (Chrono Boost)  
  65  9:28  Probe x2  
  67  9:34  Adept x2  
  67  9:35  Adept  
  67  9:37  Protoss Ground Armor Level 1  
  73  9:40  Probe x2  
  73  9:42  Twilight Council  
  75  9:48  Pylon  
  75  9:49  Pylon  
  75  9:50  Gateway  
  76  9:52  Probe  
  76  9:53  Probe  
  76  9:56  Gateway  
  76  9:57  Gateway  
  75  10:04  Immortal (Chrono Boost)  
  75  10:05  Mothership Core  
  75  10:06  Nexus  
  81  10:07  Pylon  
  81  10:09  Adept x2  
  81  10:10  Adept  
  81  10:11  Pylon  
  87  10:22  Resonating Glaives (Chrono Boost)  
  87  10:29  Templar Archives  
  87  10:37  Immortal  
  91  10:45  Pylon  
  91  10:47  Stalker  
  91  10:48  Stalker x3  
  99  10:52  Adept  
  90  11:14  Observer  
  89  11:20  Adept x5  
  89  11:22  Adept  
  101  11:27  Pylon  
  101  11:34  Pylon  
  90  11:50  Immortal  
  90  11:53  Adept x2  
  90  11:54  Adept x4  
  102  12:17  Adept x2  
  102  12:18  Adept x3  
  102  12:20  Adept  
  111  12:31  Warp Prism  
  113  12:40  High Templar x3  
  113  12:41  High Templar x3  
  125  12:47  Archon x2  
  125  12:48  Archon  
  86  13:17  Stalker x4, Observer  
  86  13:18  Stalker x2  
  93  13:33  High Templar x2  
  97  13:35  Observer  
  97  13:37  Archon  
  98  13:42  Charge (Chrono Boost)  
  98  13:47  Gateway x2  
  98  13:50  Gateway  
  98  13:52  Gateway, Immortal  
  101  14:29  Observer  
  101  14:33  Pylon  
  101  14:35  Pylon  
  102  14:38  Pylon  
  102  14:40  Pylon  
Tags
 
Add a new tag
Caveats
  • Supply blocks, unpowered buildings, or Contaminate may cause inaccurate times.
  • Supply counts are checked every 10 seconds.